 Dungeon Crawl Stone Soup version 0.27-a0-1065-ge809cff456 (webtiles) character file.

Game seed: 13225250551230029834

4 kae the Ruffian (level 1, 0/16 HPs)
             Began as a Draconian Transmuter on Apr 22, 2021.
             Succumbed to a kobold's poison
             ... on level 1 of the Dungeon.
             The game lasted 00:00:04 (90 turns).

kae the Ruffian (Draconian Transmuter)                Turns: 90, Time: 00:00:05

Health: 0/16       AC:  4    Str: 12    XL:     1   Next: 50%
Magic:  3/3        EV:  9    Int: 13    God:
Gold:   0          SH:  0    Dex: 11    Spells: 3/4 levels left

rFire    . . .     SeeInvis .     - Unarmed
rCold    . . .     Faith    .   (no shield)
rNeg     . . .     Spirit   .   (armour unavailable)
rPois    .         Reflect  .   (helmet restricted)
rElec    .         Harm     .   (no cloak)
rCorr    .         Rampage  .   (no gloves)
Will     .....                  (no boots)
Stlth    +.........             (no amulet)
HPRegen  0.05/turn              (no ring)
MPRegen  0.08/turn              (no ring)

@: lethally poisoned (0 -> -19), constricted
A: AC +4, unfitting armour, cold-blooded
a: no special abilities


You were on level 1 of the Dungeon.
You visited 1 branch of the dungeon, and saw 1 of its levels.

Inventory:

Scrolls
 a - a scroll of identify {unknown}
Potions
 b - 2 potions of brilliance {unknown}


   Skills:
 + Level 1.2 Fighting
 + Level 1.8 Dodging
 * Level 3.0 Unarmed Combat
 + Level 2.0 Spellcasting
 * Level 2.1 Transmutations


You had 3 spell levels left.
You knew the following spells:

 Your Spells              Type           Power      Damage    Failure   Level
a - Beastly Appendage     Tmut           12%        N/A       11%         1

Your spell library contained the following spells:

 Spells                   Type           Power      Damage    Failure   Level
 Wereblood                Tmut           6%         N/A       16%         2
 Spider Form              Tmut/Pois      2%         N/A       45%         3
 Ice Form                 Ice/Tmut       4%         N/A       86%         4
 Hydra Form               Tmut           3%         N/A       96%         5


Dungeon Overview and Level Annotations

Branches:
Dungeon (1/15)

Altars:


Innate Abilities, Weirdness & Mutations

Your plain brown scales are hard. (AC +4)
You cannot fit into any form of body armour.
You are cold-blooded and may be slowed by cold attacks.


Message History

The hobgoblin shouts!
The ball python closely misses you. x2; The ball python misses you.
The ball python grabs you. The ball python constricts you.
You closely miss the ball python. You headbutt the ball python.
You tail-slap the ball python.
You kill the ball python!
Your transformation is almost over.
You closely miss the hobgoblin. You headbutt the hobgoblin.
You kill the hobgoblin!
No target in view!
A kobold comes into view.
It is wielding a +0 short sword of venom.
A kobold is nearby!
You see here a hobgoblin corpse.
A kobold is nearby!
A ball python comes into view.
The ball python hisses angrily.
The kobold shouts!
The kobold hits you with a +0 short sword of venom.
You are lethally poisoned!
There is a lethal amount of poison in your body!
Unknown command.
There is a lethal amount of poison in your body!
You closely miss the ball python.
Your horns disappear.
Your talons disappear.
You feel very sick. The kobold barely misses you.
The ball python closely misses you. The ball python grabs you.
The ball python constricts you.
You are too injured to fight recklessly!
There is a lethal amount of poison in your body!
You are too injured to fight recklessly!
You are too injured to fight recklessly!
You are too injured to fight recklessly!
You are too injured to fight recklessly!
You barely miss the ball python.
You feel sick. The ball python closely misses you.
The ball python constricts you.
The kobold hits you with a +0 short sword of venom.
* * * LOW HITPOINT WARNING * * *
You are more poisoned.
You hit the ball python.
The ball python is severely wounded.
You die...

## ### #.# # .. ...
...##### .. ##. #.#
#...!.. .#..##.#
#....###++
....#.######...8.....
#..#.........#.≈≈≈≈≈
#..#.S#....†....#≈≈≈...
#....K@..†......#≈≈..≈.
#.##..##.#####..#≈..≈≈≈
#.. #.# #..#≈.≈≈.< #..
... #..#≈.≈≈.≈
#...###.###..#≈.≈≈..
#... #......#≈..≈≈. ##.
###.###..#≈≈..≈≈ #.
....###..##≈≈...
#.........#####+


You could see a ball python and a kobold.

Vanquished Creatures
  A ball python (D:1)
  A goblin (D:1)
  A hobgoblin (D:1)
3 creatures vanquished.

Notes
Turn   | Place    | Note
-------+----------+-------------------------------------------
     0 | D:1      | kae the Draconian Transmuter began the quest for the Orb.
     0 | D:1      | Reached XP level 1. HP: 16/16 MP: 3/3
    90 | D:1      | Succumbed to a kobold's poison

Illustrated notes

Levels and vault maps discovered:
D:1:      psy_arrival_whirlpool, layout_loops_ring,
          chequers_ecumenical_altar_simple

Action                   || total
-------------------------++-------
Melee: Unarmed           ||     6
       Headbutt          ||     2
       Kick              ||     1
       Tailslap          ||     1
 Cast: Beastly Appendage ||     2
Dodge: Dodged            ||     6

Table legend: (Time is in decaauts)
 A = Elapsed time spent in this place.
 B = Non-inter-level travel time spent in this place.
 C = Inter-level travel time spent in this place.
 D = Time resting spent in this place.
 E = Time spent auto-exploring this place.
 F = Levels seen in this place.
 G = Mean time per level.
                   A        B        C        D        E       F      G
               +--------+--------+--------+--------+--------+-----+--------+
         Total |     91 |     91 |      0 |      0 |     65 |   1 |   91.0 |
       Dungeon |     91 |     91 |      0 |      0 |     65 |   1 |   91.0 |
               +--------+--------+--------+--------+--------+-----+--------+

Top non-repeatable levels by time:
     D:1: 91 daAuts
